 Dungeon Crawl Stone Soup version 0.25-a0-528-g6b7c999 (webtiles) character file.

Game seed: 16334218372703155733, levelgen mode: deterministic

2787 robertstho the Grappler (level 9, -8/85 HPs)
             Began as a Troll Fighter on Feb 19, 2020.
             Mangled by an orc warrior
             ... wielding a +0 halberd
              (10 damage)
             ... in a bailey.
             The game lasted 00:08:39 (5489 turns).

robertstho the Grappler (Troll Fighter)             Turns: 5489, Time: 00:08:40

Health: -8/85      AC:  6    Str: 32    XL:     9   Next: 43%
Magic:  8/8        EV: 10    Int:  9    God:
Gold:   406        SH: 10    Dex: 13    Spells: 8/8 levels left

rFire    + . .     SeeInvis +     - Unarmed
rCold    . . .     Gourm    +   b - +0 kite shield
rNeg     . . .     Faith    .   a - +0 robe
rPois    .         Spirit   .   (helmet restricted)
rElec    .         Reflect  .   (no cloak)
rCorr    .         Harm     .   (gloves unavailable)
MR       .....                  (boots unavailable)
Stlth    ++........             (no amulet)
HPRegen  0.64/turn              B - ring "Soudghoab" {rF+ Int+4 Dex+3}
MPRegen  0.11/turn              k - ring of see invisible

@: mighty
A: large, unfitting armour, claws 3, fast metabolism 3, gourmand, regeneration
1, shaggy fur 1, tough skin 3
a: no special abilities


You were in a bailey.
You were completely stuffed.

You visited 2 branches of the dungeon, and saw 9 of its levels.
You also visited: Bailey.

You collected 406 gold pieces.

Inventory:

Missiles
 e - 27 poisoned darts (quivered)
 t - 3 datura-tipped darts
Armour
 a - a +0 robe (worn)
 b - a +0 kite shield (worn)
Jewellery
 k - a ring of see invisible (right claw)
 r - an uncursed ring of positive energy
 B - the ring "Soudghoab" (left claw) {rF+ Int+4 Dex+3}
   (You found it on level 8 of the Dungeon)

   [ring of intelligence]

   It affects your intelligence (+4).
   It affects your dexterity (+3).
   It protects you from fire.
Wands
 u - a wand of disintegration (10)
 A - a wand of iceblast (4)
Scrolls
 g - 2 scrolls of identify
 h - 2 scrolls of remove curse
 i - 4 scrolls of fog
 j - 4 scrolls of enchant weapon
 m - 4 scrolls of teleportation
 n - a scroll of magic mapping
 o - a scroll of blinking {unknown}
 x - 2 scrolls of fear {unknown}
Potions
 f - a potion of cancellation
 p - a potion of haste {unknown}
 q - 2 potions of degeneration {unknown}
 s - a potion of flight {unknown}
 v - a potion of lignification {unknown}
 w - a potion of curing {unknown}
 z - a potion of magic {unknown}
Comestibles
 d - 9 rations
 l - 5 chunks of flesh


   Skills:
 * Level 4.6 Fighting
 + Level 4.2 Dodging
 + Level 1.1 Stealth
 + Level 4.2 Shields
 * Level 10.4 Unarmed Combat


You had 8 spell levels left.
You didn't know any spells.
Your spell library contained the following spells:

 Spells                   Type           Power        Failure   Level  Hunger
 Summon Small Mammal      Summ           #...         75%         1    ##.....
 Call Imp                 Summ           #.......     86%         2    ###....
 Call Canine Familiar     Summ           #.......     98%         3    ####...
 Confusing Touch          Hex            #.......     98%         3    ####...
 Gell's Gravitas          Tloc           #.........   98%         3    ####...
 Summon Guardian Golem    Hex/Summ       #.......     98%         3    ####...
 Petrify                  Tmut/Erth      #.......     100%        4    #####..
 Summon Ice Beast         Ice/Summ       #.......     100%        4    #####..
 Summon Lightning Spire   Summ/Air       #.......     100%        4    #####..
 Metabolic Englaciation   Hex/Ice        #.........   100%        5    ######.
 Yara's Violent Unravell  Hex/Tmut       #.........   100%        5    ######.


Dungeon Overview and Level Annotations

Branches:
Dungeon (8/15)             Temple (1/1) D:4          Bailey (1/1)
   Lair: D:8-11

Altars:
Ashenzari
Cheibriados
Dithmenos
Elyvilon
Fedhas
Gozag
Hepliaklqana
Kikubaaqudgha
Makhleb
Nemelex Xobeh
Okawaru
Qazlal
Ru
Trog
Uskayaw
Vehumet
Wu Jian
Xom
Yredelemnul
Zin
The Shining One


Innate Abilities, Weirdness & Mutations

You are too large for most types of armour.
You have claws for hands.
Your metabolism is lightning-fast.
You like to eat raw meat.
Your natural rate of healing is unusually fast.
You are covered in fur. (AC +1)
You have extremely tough skin. (AC +3)


Message History

There is an empty arch of ancient stone here.
There is a gate leading back out of this place here.
The orc warrior barely misses you. You block the orc warrior's attack.
The orc warrior shoots a bolt.
The bolt completely misses you.
You see here a bolt.
The orc warrior barely misses you. The orc warrior misses you.
You feel very mighty all of a sudden.
The orc warrior hits you from afar with a +0 halberd!
You block the orc warrior's attack. The orc warrior closely misses you.
The orc warrior hits you from afar with a +0 halberd!!
The orc warrior hits you with a +0 halberd!
* * * LOW HITPOINT WARNING * * *
The orc warrior shoots a bolt.
The bolt hits you!!
* * * LOW HITPOINT WARNING * * *
You see here 2 bolts.
Okay, then.
You block the orc warrior's attack.
The orc warrior hits you from afar with a +0 halberd!
You die...

### #### ##∩##
######
....##...##.....#
≈≈≈..#...#..≈≈≈..
≈o≈≈.......≈≈o≈≈.
.oo≈.......≈oo.≈.
≈o≈≈..oooo.≈≈o≈≈.
≈≈≈..#..(#..≈≈≈..
o.. #.@.##.....#
# ##∩## ######
###


You could see 7 orc warriors and an orc.

Vanquished Creatures
  Pikel (D:7)
  A hippogriff (D:7)
  A hungry ghost (D:7)
  A slave (D:7)
  A phantom (D:6)
  2 ice beasts
  An orc warrior (D:7)
  A black bear (D:8)
  2 ogres
  A centaur (D:6)
  2 big kobolds
  2 water moccasin zombies
  A scorpion (D:5)
  4 crimson imps
  A bullfrog zombie (D:8)
  3 hounds
  2 jellies
  A centaur skeleton (D:4)
  4 worker ants
  4 iguanas
  6 orc wizards
  A killer bee zombie (D:6)
  2 worker ant zombies
  4 gnolls (D:4)
  11 adders
  An ooze (D:2)
  2 adder skeletons (D:5)
  2 worms
  4 dart slugs
  5 leopard geckos
  18 orcs
  6 giant cockroaches
  7 goblins
  7 hobgoblins
  15 jackals
  6 quokkas
  2 ball pythons
  16 bats
  8 frilled lizards
  12 kobolds
  5 rats
176 creatures vanquished.

Notes
Turn   | Place    | Note
-------+----------+-------------------------------------------
     0 | D:1      | robertstho the Troll Fighter began the quest for the Orb.
     0 | D:1      | Reached XP level 1. HP: 22/22 MP: 0/0
   146 | D:1      | Reached XP level 2. HP: 29/29 MP: 1/1
   288 | D:1      | Reached XP level 3. HP: 34/36 MP: 2/2
   703 | D:2      | Found a snail-covered altar of Cheibriados.
   714 | D:2      | Found a hazy altar of Hepliaklqana.
   714 | D:2      | Found a glowing silver altar of Zin.
   714 | D:2      | Found a white marble altar of Elyvilon.
   721 | D:2      | Found a hide-covered altar of Uskayaw.
   721 | D:2      | Found an iron altar of Okawaru.
   726 | D:2      | Found a glowing golden altar of the Shining One.
   727 | D:2      | Found a bloodstained altar of Trog.
   728 | D:2      | Found a sparkling altar of Nemelex Xobeh.
  1007 | D:2      | Reached XP level 4. HP: 39/44 MP: 3/3
  1050 | D:2      | Found a faded altar of an unknown god.
  1198 | D:2      | Reached skill level 3 in Unarmed Combat
  1491 | D:3      | Reached XP level 5. HP: 52/52 MP: 4/4
  1610 | D:3      | Found a radiant altar of Vehumet.
  1611 | D:3      | Found a burning altar of Makhleb.
  1621 | D:3      | Reached skill level 4 in Unarmed Combat
  1718 | D:3      | Noticed an ogre
  1726 | D:3      | Killed an ogre
  1726 | D:3      | Reached XP level 6. HP: 55/61 MP: 5/5
  2046 | D:4      | Found a staircase to the Ecumenical Temple.
  2056 | D:4      | Reached skill level 5 in Unarmed Combat
  2071 | Temple   | Entered the Ecumenical Temple
  2534 | D:4      | Found a blossoming altar of Fedhas.
  2563 | D:4      | Reached XP level 7. HP: 67/67 MP: 6/6
  2573 | D:4      | Reached skill level 6 in Unarmed Combat
  2826 | D:4      | Found a shimmering altar of Xom.
  2872 | D:5      | Entered Level 5 of the Dungeon
  3982 | D:6      | Reached skill level 7 in Unarmed Combat
  4116 | D:6      | Found a blossoming altar of Fedhas.
  4213 | D:6      | Reached XP level 8. HP: 54/78 MP: 7/7
  4341 | D:6      | Reached skill level 8 in Unarmed Combat
  4744 | D:7      | Noticed a hippogriff
  4753 | D:7      | Killed a hippogriff
  4753 | D:7      | Reached skill level 1 in Stealth
  4913 | D:7      | Reached skill level 9 in Unarmed Combat
  5110 | D:7      | Noticed Pikel
  5124 | D:7      | Killed Pikel
  5124 | D:7      | Reached skill level 10 in Unarmed Combat
  5124 | D:7      | Reached XP level 9. HP: 36/85 MP: 8/8
  5388 | D:8      | Got a fine platinum ring
  5390 | D:8      | Identified the ring "Soudghoab" {rF+ Int+4 Dex+3} (You
                  | found it on level 8 of the Dungeon)
  5451 | D:8      | Found a flagged portal.
  5478 | Bailey   | Entered a bailey
  5488 | Bailey   | HP: 2/85 [orc warrior/bolt (22)]
  5489 | Bailey   | Mangled by an orc warrior

Levels and vault maps discovered:
D:1:      dpeg_arrival_tiny_h, layout_loops_cross, minmay_misc_feat_square
D:2:      layout_basic, minitemple, chequers_ecumenical_altar_simple_redux
D:3:      layout_loops_ring, grunt_temple_overflow_lords_of_destruction,
          first_ration
D:4:      layout_basic, xom_redecorated, minmay_temple_entry_statues_pillars,
          lemuel_altar_in_water
D:5:      layout_basic
D:6:      layout_basic, mrwooster_statue_mirror, fedhas_altar_3
D:7:      minmay_thick_lines, layout_cave_pools, uniq_pikel
D:8:      layout_rooms, nicolae_overflow_hidden_temple,
          gammafunk_ghost_spectres, enter_bailey_3
Temple:   jpeg_temple_island
Bailey:   bailey_polearm_4, bailey

Skill      XL: |  1  2  3  4  5  6  7  8  9 |
---------------+----------------------------+-----
Unarmed Combat | 3 4 5 7 10 | 10.4
Fighting       | 3 4 |  4.6
Dodging        | 3 4 |  4.2
Shields        | 3 4 |  4.2
Stealth        | 1 |  1.1

Action                   |  1- 3 |  4- 6 |  7- 9 || total
-------------------------+-------+-------+-------++-------
Melee: Unarmed           |   118 |   164 |   261 ||   543
  Use: Scroll            |       |       |     6 ||     6
       Potion            |       |       |     3 ||     3
 Stab: Sleeping          |       |     1 |     1 ||     2
  Eat: Chunk             |    15 |    15 |    29 ||    59
       Ration            |       |       |     1 ||     1
Armor: Robe              |    30 |    38 |    65 ||   133
Dodge: Dodged            |    37 |    48 |    75 ||   160
Block: Kite shield       |    52 |    63 |   126 ||   241

Table legend:
 A = Non-vault XP
 B = Vault XP
 C = Vault XP percentage of total XP
 D = Non-vault monster count
 E = Vault monster count
 F = Vault count percentage of total count
                 A         B        C        D         E       F
            +---------+---------+-------+---------+---------+-------
      Total |    3039 |     943 |  23.7 |     163 |      12 |   6.9
            +---------+---------+-------+---------+---------+-------
        D:1 |      57 |       0 |   0.0 |      32 |       0 |   0.0
        D:2 |      51 |       0 |   0.0 |      19 |       0 |   0.0
        D:3 |     253 |      52 |  17.0 |      22 |       1 |   4.3
        D:4 |     472 |       0 |   0.0 |      33 |       0 |   0.0
        D:5 |     243 |       0 |   0.0 |       8 |       0 |   0.0
        D:6 |     731 |       0 |   0.0 |      21 |       0 |   0.0
        D:7 |     599 |     885 |  59.6 |       9 |       7 |  43.8
        D:8 |     633 |       6 |   0.9 |      19 |       4 |  17.4
            +---------+---------+-------+---------+---------+-------
